 Dungeon Crawl Stone Soup version 0.21-a0-529-g8c7b3f5 (webtiles) character file.

32 tof the Skirmisher (level 3, 0/40 HPs)
             Began as an Ogre Berserker on Dec 9, 2017.
             Was a Follower of Trog.
             Slain by a jackal (1 damage)
             ... on level 2 of the Dungeon.
             The game lasted 00:01:28 (1508 turns).

tof the Skirmisher (Ogre Berserker)                 Turns: 1508, Time: 00:01:28

Health: 0/40       AC:  3    Str: 21    XL:     3   Next: 25%
Magic:  3/3        EV: 10    Int:  8    God:    Trog [*.....]
Gold:   64         SH:  0    Dex:  9    Spells: 2/2 levels left

rFire    . . .     SeeInvis .   a - +0 mace
rCold    . . .     Gourm    .   (no shield)
rNeg     . . .     Faith    .   b - +0 animal skin
rPois    .         Spirit   .   (helmet restricted)
rElec    .         Reflect  .   (no cloak)
rCorr    .         Harm     .   (gloves unavailable)
MR       .....                  (boots unavailable)
Stlth    +.........             (no amulet)
HPRegen  0.13/turn              (no ring)
MPRegen  0.08/turn              (no ring)

@: berserk cooldown, slowed, very slow
A: large, unfitting armour, tough skin 1
a: Berserk, Burn Spellbooks, Renounce Religion


You were on level 2 of the Dungeon.
You worshipped Trog.
Trog was aware of your devotion.
You were hungry.

You visited 1 branch of the dungeon, and saw 2 of its levels.

You collected 64 gold pieces.

Inventory:

Hand Weapons
 a - a +0 mace (weapon)
Armour
 b - a +0 animal skin (worn)
Jewellery
 d - an uncursed ring of fire {unknown}
 e - an uncursed ring of see invisible {unknown}
Scrolls
 i - a scroll of identify {unknown}
 j - a scroll of amnesia {unknown}
Potions
 f - a potion of haste {unknown}
 g - a potion of flight {unknown}
Comestibles
 c - a bread ration


   Skills:
 + Level 4.3 Fighting
 * Level 3.1 Maces & Flails
 + Level 0.9 Throwing
 + Level 0.6 Armour
 + Level 2.9 Dodging


You had 2 spell levels left.
You didn't know any spells.

Dungeon Overview and Level Annotations

Branches:
Dungeon (2/15)

Altars:


Innate Abilities, Weirdness & Mutations

You are too large for most types of armour.
You have tough skin. (AC +1)


Message History

The jackal bites you. The quokka bites you.
* * * LOW HITPOINT WARNING * * *
The jackal bites you.
* * * LOW HITPOINT WARNING * * *
The jackal bites you.
* * * LOW HITPOINT WARNING * * *
The jackal completely misses you. The quokka closely misses you.
The jackal bites you.
* * * LOW HITPOINT WARNING * * *
Items here: ! ( [ † 8 stones; a robe; a bubbling golden potion; a goblin corpse The quokka bites you.
* * * LOW HITPOINT WARNING * * *
The jackal closely misses you.
The jackal bites you but does no damage.
The jackal bites you.
* * * LOW HITPOINT WARNING * * *
The jackal bites you but does no damage.
The jackal bites you.
You die...

#####.##.######
#.##.# #.##.#
.#####.##.#
..........#
..........#
..........#
..........#
........@.#
########hh# #r.#
########(.####.#
........†>.....#
..........######
..........#
..........#
..........#


You could see a quokka and 2 jackals.

Vanquished Creatures
  An adder (D:2)
  A worm (D:2)
  A ball python (D:2)
  2 giant cockroaches (D:2)
  2 goblins
  3 hobgoblins
  2 jackals (D:2)
  A bat (D:2)
  3 kobolds
  4 rats
20 creatures vanquished.

Notes
Turn   | Place    | Note
-------+----------+-------------------------------------------
     0 | D:1      | tof the Ogre Berserker began the quest for the Orb.
     0 | D:1      | Reached XP level 1. HP: 24/24 MP: 1/1
   777 | D:2      | Reached XP level 2. HP: 27/32 MP: 2/2
  1326 | D:2      | Reached XP level 3. HP: 16/39 MP: 3/3
  1506 | D:2      | HP: 2/40 [quokka (5)]
  1508 | D:2      | Slain by a jackal

Vault maps used:
D:1:      lightli_arrival_isolated_outpost, solitary_fountain
D:2:      serial_bayou_pond_d, small_statue_intersection, bloody_makhleb

Skill      XL: |  1  2 |
---------------+-------+-----
Maces & Flails | 3 |  3.1
Fighting       | |  4.3
Throwing       | |  0.9
Armour         | |  0.6
Dodging        | |  2.9

Action                   || total
-------------------------++-------
Melee: Mace              ||    73
Throw: Stone             ||     3
Invok: Berserk           ||     1
 Stab: Sleeping          ||     1
  Eat: Chunk             ||     2
Armor: Animal skin       ||    45
Dodge: Dodged            ||    69

Table legend:
 A = Spawn XP
 B = Non-spawn XP
 C = Spawn XP percentage of total XP
 D = Spawn monster count
 E = Non-spawn monster count
 F = Spawn count percentage of total count
 G = Total turns spent on level
                    A         B        C        D         E        F      G
               +---------+---------+-------+---------+---------+-------+---------
         Total |       0 |      46 |   0.0 |       0 |      20 |   0.0 |  1508
               +---------+---------+-------+---------+---------+-------+---------
           D:1 |       0 |       8 |   0.0 |       0 |       6 |   0.0 |   763
           D:2 |       0 |      38 |   0.0 |       0 |      14 |   0.0 |   745
               +---------+---------+-------+---------+---------+-------+---------
